Map: World of Sleepers LE

Players

Reynor - Winner!

  • Race: Zerg Zerg
  • Spawn Location: 7:00

soO

  • Race: Zerg Zerg
  • Spawn Location: 1:00

VOD

Have the link to the VOD?

Description

Time

  • Played on: Jan. 7, 2020, 8:12 p.m.
  • Length: 9:46
Show
View Real Time Build Order
Export as new Build Order

Reynor Zerg - Winner!

Build Orders: Hatch First 

Get SALT Encoding   

  12  0:01  Drone  
  13  0:12  Overlord  
  13  0:16  Drone  
  14  0:30  Drone x2  
  16  0:48  Hatchery  
  15  0:51  Drone  
  15  0:54  Drone  
  17  0:58  Drone  
  18  1:08  Extractor  
  17  1:13  Spawning Pool  
  17  1:16  Drone  
  17  1:19  Drone  
  18  1:28  Drone  
  19  1:38  Drone  
  20  1:49  Drone  
  21  1:59  Overlord  
  21  2:00  Zergling x2, Queen x2  
  26  2:08  Metabolic Boost  
  26  2:10  Drone  
  26  2:11  Drone  
  28  2:21  Drone  
  28  2:22  Drone  
  30  2:33  Hatchery  
  30  2:35  Drone  
  30  2:39  Drone  
  30  2:43  Drone  
  32  2:47  Overlord  
  32  2:54  Drone x2  
  34  3:07  Drone x2  
  34  3:09  Zergling x12  
  42  3:18  Zergling x4  
  42  3:19  Roach Warren  
  43  3:29  Overlord  
  43  3:30  Zergling x2  
  44  3:43  Overlord  
  44  3:44  Queen  
  46  3:50  Drone x2  
  46  3:51  Drone x3  
  46  3:52  Drone, Overlord  
  47  4:05  Roach x4  
  47  4:07  Roach  
  57  4:12  Roach x2  
  57  4:14  Roach x2  
  65  4:18  Roach  
  67  4:24  Overlord  
  67  4:27  Drone x4  
  67  4:30  Drone  
  70  4:40  Overlord  
  70  4:41  Drone x2  
  70  4:42  Drone  
  73  4:48  Drone x3  
  70  4:52  Queen  
  70  4:53  Extractor, Baneling Nest  
  70  4:54  Roach x2  
  70  4:57  Zergling x4  
  70  4:58  Zergling x2  
  77  5:02  Zergling x2  
  77  5:03  Zergling x2  
  77  5:05  Zergling x2  
  80  5:09  Queen  
  80  5:11  Roach  
  84  5:14  Zergling x2  
  84  5:15  Zergling x2  
  85  5:22  Zergling x2  
  85  5:28  Zergling x4  
  88  5:33  Overlord  
  88  5:34  Zergling x4  
  90  5:36  Overlord  
  90  5:38  Baneling x2  
  90  5:43  Overlord  
  90  5:46  Zergling x2  
  90  5:48  Overlord  
  89  5:50  Queen  
  89  5:55  Drone x4  
  95  5:59  Baneling x9  
  95  6:00  Zergling x4  
  95  6:01  Zergling x4  
  99  6:05  Zergling x2  
  99  6:09  Baneling x3  
  99  6:10  Zergling x4  
  99  6:11  Queen  
  101  6:14  Drone  
  101  6:16  Queen  
  106  6:20  Zergling x4  
  106  6:21  Zergling x4  
  99  6:30  Zergling x10  
  99  6:32  Queen  
  101  6:34  Zergling x2  
  101  6:36  Zergling x4  
  101  6:39  Ravager  
  103  6:44  Zergling x2  
  103  6:46  Zergling x4  
  98  6:49  Spore Crawler  
  98  6:50  Lair  
  98  6:53  Drone  
  92  6:57  Drone x2  
  89  7:03  Overlord  
  89  7:06  Drone x3  
  80  7:08  Queen  
  80  7:09  Spore Crawler  
  80  7:10  Drone  
  80  7:11  Spore Crawler, Drone  
  80  7:15  Drone x4  
  84  7:19  Drone x3  
  82  7:23  Drone x2  
  82  7:24  Pneumatized Carapace  
  82  7:27  Spore Crawler  
  82  7:28  Spore Crawler, Extractor  
  82  7:29  Zergling x2  
  79  7:30  Extractor  
  79  7:35  Roach  
  79  7:36  Spore Crawler, Roach x3  
  85  7:38  Drone x2  
  85  7:40  Spore Crawler  
  85  7:43  Roach  
  88  7:44  Queen  
  88  7:46  Evolution Chamber  
  88  7:48  Zergling x4, Roach  
  88  7:49  Zergling x2  
  94  7:51  Overlord  
  94  7:55  Baneling x2  
  94  7:57  Glial Reconstitution  
  94  7:58  Queen  
  94  8:00  Overlord  
  94  8:02  Overlord  
  96  8:06  Overlord  
  96  8:08  Baneling x2  
  96  8:20  Queen  
  96  8:25  Zergling x8, Roach x2  
  106  8:29  Overlord  
  106  8:32  Zergling x2  
  106  8:34  Overlord  
  106  8:36  Queen  
  106  8:38  Overlord  
  106  8:41  Overlord  
  106  8:46  Overlord  
  105  8:48  Roach  
  105  8:49  Roach x3  
  105  8:52  Roach  
  105  8:53  Roach  
  105  8:54  Queen  
  123  9:02  Roach  
  123  9:03  Roach x5  
  123  9:04  Overlord  
  131  9:11  Roach x3  
  136  9:17  Roach x2  
  142  9:26  Roach  
  142  9:27  Roach x2  
Show
View Real Time Build Order
Export as new Build Order

soO Zerg 

Build Orders: Hatch First 

Get SALT Encoding   

  12  0:00  Drone  
  13  0:12  Overlord  
  13  0:17  Drone  
  14  0:31  Drone x2  
  16  0:47  Hatchery  
  15  0:51  Drone  
  15  0:55  Drone  
  17  0:57  Drone  
  18  1:09  Extractor  
  17  1:12  Spawning Pool  
  17  1:16  Drone  
  17  1:18  Drone  
  18  1:28  Drone  
  19  1:39  Drone  
  20  1:50  Overlord  
  20  1:59  Queen x2  
  20  2:00  Drone x2  
  26  2:10  Drone  
  26  2:11  Metabolic Boost  
  26  2:12  Drone  
  28  2:26  Drone x2  
  30  2:31  Hatchery  
  30  2:34  Drone  
  30  2:36  Drone  
  31  2:42  Queen  
  33  2:47  Overlord  
  33  2:50  Zergling x2  
  34  2:57  Baneling Nest  
  33  2:58  Drone x2  
  35  3:06  Drone x2  
  35  3:09  Zergling x2, Drone  
  35  3:10  Drone  
  40  3:17  Drone  
  40  3:18  Overlord  
  40  3:19  Drone  
  42  3:28  Drone  
  42  3:33  Zergling x2  
  43  3:34  Overlord  
  43  3:36  Drone  
  43  3:37  Lair, Extractor  
  43  3:41  Baneling x2  
  43  3:43  Zergling x6  
  43  3:47  Zergling x6  
  49  3:52  Zergling x4  
  49  3:53  Zergling x2  
  51  4:04  Zergling x6  
  51  4:07  Extractor  
  53  4:12  Hatchery  
  53  4:13  Baneling x2  
  52  4:17  Drone x2  
  52  4:18  Drone  
  52  4:20  Extractor, Drone  
  55  4:27  Drone x3  
  57  4:44  Zergling x4  
  58  4:47  Spine Crawler  
  54  4:55  Zergling x10  
  54  4:58  Spine Crawler  
  54  4:59  Spine Crawler  
  57  5:01  Spine Crawler  
  57  5:04  Spire  
  55  5:07  Zergling x4  
  55  5:12  Zergling x4  
  55  5:13  Overlord  
  60  5:16  Overlord  
  60  5:18  Overlord  
  59  5:21  Overlord  
  59  5:31  Overlord  
  59  5:39  Drone x5  
  59  5:40  Drone  
  63  5:51  Baneling  
  63  5:52  Baneling x3  
  63  5:58  Spine Crawler  
  63  5:59  Baneling x8  
  60  6:16  Mutalisk x5  
  60  6:18  Zergling x6  
  72  6:21  Overlord  
  66  6:29  Mutalisk  
  66  6:30  Zergling x2  
  66  6:31  Zergling x2  
  57  6:33  Queen  
  57  6:34  Zergling x2  
  57  6:39  Mutalisk  
  62  6:42  Zergling x6  
  62  6:44  Zergling x2  
  62  6:50  Zergling x2  
  55  6:55  Zergling x2  
  53  7:02  Zergling x2  
  53  7:06  Zergling x2  
  53  7:07  Queen  
  49  7:13  Zergling x2  
  46  7:18  Drone  
  43  7:23  Drone  
  44  7:30  Drone  
  44  7:35  Drone  
  46  7:38  Drone  
  47  7:46  Drone  
  48  7:51  Drone  
  48  7:55  Drone  
  48  7:57  Drone  
  48  7:58  Hatchery  
  50  8:01  Drone x3  
  50  8:05  Overseer  
  53  8:10  Drone  
  53  8:12  Drone  
  55  8:19  Overlord  
  55  8:20  Mutalisk  
  55  8:24  Overlord  
  57  8:28  Drone  
  57  8:33  Drone x3, Overlord  
  61  8:39  Drone x2  
  63  8:44  Drone  
  64  8:50  Drone  
  64  8:55  Drone  
  66  8:56  Drone  
  66  9:01  Mutalisk x3  
  71  9:08  Zergling x2  
  72  9:11  Zergling x2  
  72  9:14  Zergling x2  
  72  9:16  Mutalisk  
  76  9:17  Zergling x4  
  76  9:22  Zergling x2  
  82  9:24  Zergling x2  
Tags
 
Add a new tag
Caveats
  • Supply blocks, unpowered buildings, or Contaminate may cause inaccurate times.
  • Supply counts are checked every 10 seconds.